 Dungeon Crawl Stone Soup version 0.32-a0-799-g95e1662365 (webtiles) character file.

Game seed: 925405752205890772

234 wilfster70 the Magician (level 6, 0/40 HPs)
             Began as a Djinni Hedge Wizard on Mar 21, 2024.
             Slain by Pikel
             ... wielding a +0 whip of electrocution
              (7 damage)
             ... on level 3 of the Dungeon.
             The game lasted 00:07:39 (2823 turns).

wilfster70 the Magician (Djinni Hedge Wizard)       Turns: 2823, Time: 00:07:40

Health: 0/40       AC:  3    Str: 15    XL:     6   Next: 26%
Gold:   265        EV: 11    Int: 17    God:
                   SH:  5    Dex: 13

rFire   + + .        a - +0 whip (venom)
rCold   x . .        (no shield)
rNeg    . . .        b - +0 robe
rPois   ∞            c - +0 hat
rElec   .            m - +0 cloak
rCorr   .            (no gloves)
SInv    .            (boots unavailable)
Will    .....        i - amulet of reflection
Stlth   ++           g - +6 ring of strength
HPRegen 0.26/turn    (no ring)
MPRegen 0.00/turn

%: reflection, infuse magic (-1 HP)
@: flying
A: sickness immunity, fire resistance 2, cold vulnerability 1, float, innate
caster, HP casting, extra vitality 1
a: no special abilities


You were on level 3 of the Dungeon.
You visited 1 branch of the dungeon, and saw 4 of its levels.

You collected 265 gold pieces.

Inventory:

Hand Weapons
 a - a +0 whip of venom (weapon)
 p - a +0 morningstar
Armour
 b - a +0 robe (worn)
 c - a +0 hat (worn)
 m - a +0 cloak (worn)
 r - a +0 buckler
Jewellery
 g - a +6 ring of strength (left hand)
 i - an amulet of reflection (around neck)
Scrolls
 e - 2 scrolls of poison
 f - 2 scrolls of fear {unknown}
 j - a scroll of revelation {unknown}
 k - a scroll of enchant armour {unknown}
 l - a scroll of immolation {unknown}
 o - a scroll of teleportation {unknown}
Potions
 d - 2 potions of curing
 h - a potion of haste
 n - a potion of berserk rage
 q - a potion of might


   Skills:
 - Level 2.1 Dodging
 - Level 1.5 Stealth
 + Level 5.4 Spellcasting
 + Level 5.4 Conjurations
 + Level 5.4 Hexes
   Level 0.0 Charms
 + Level 5.4 Summonings
 + Level 5.4 Necromancy
 + Level 5.4 Translocations
   Level 0.0 Transmutations
 + Level 5.4 Fire Magic
 + Level 5.4 Ice Magic
 + Level 5.4 Air Magic
 + Level 5.4 Earth Magic
 + Level 5.4 Alchemy


You knew the following spells:

 Your Spells              Type           Power      Damage    Failure   Level
a - Magic Dart            Conj           92%        1d7       1%          1
b - Call Imp              Summ           46%        N/A       2%          2
c - Blink                 Tloc           46%        N/A       2%          2
d - Slow                  Hex            92%        N/A       1%          1
e - Mephitic Cloud        Conj/Alch/Air  23%        N/A       4%          3
f - Sting                 Conj/Alch      92%        1d8       1%          1
g - Lesser Beckoning      Tloc           46%        N/A       2%          2
Your spell library was empty.

Dungeon Overview and Level Annotations

Branches:
Dungeon (4/15)
 Temple: D:4-7

Altars:
Gozag
Zin
Beogh

Shops:
D:1 (

Annotations:
D:3 Pikel


Innate Abilities, Weirdness & Mutations

You are immune to sickness and miasma.
You are immune to poison.
Your flesh is very heat resistant. (rF++)
You are vulnerable to cold. (rC-)
You float through the air rather than walking.
You learn spells naturally, not from books.
Your magical power is your life essence.
You have superior vitality. (+4 MHP)


Message History

The lemure is heavily wounded.
Your cerulean imp hits the lemure with a -2 spear.
The lemure barely misses you.
You barely miss the lemure.
The lemure is severely wounded.
Your cerulean imp hits the lemure but does no damage.
The lemure hits your cerulean imp.
You closely miss the lemure.
The lemure is severely wounded.
Your cerulean imp hits the lemure but does no damage.
The lemure hits your cerulean imp.
You hit the lemure.
The lemure is severely wounded.
You kill the lemure!
That felt strangely unrewarding.
You swap places.
You swap places.
You start resting.
Your cerulean imp disappears in a puff of smoke!
HP restored.
There is a stone staircase leading down here.
You fly downwards.
Level annotation: Pikel Pikel misses you.
There is a stone staircase leading up here.
Pikel hits you with a +0 whip of electrocution.
You are electrocuted!!
You fly upwards.
There is a stone staircase leading down here.
Casting: Call Imp (safe; 2% risk of failure)
Confirm with . or Enter, or press ? or * to list all spells.
A tiny devil pulls itself out of the air.
Pikel hits you with a +0 whip of electrocution!
* * * LOW HITPOINT WARNING * * *
Pikel closely misses you.
Your cerulean imp misses Pikel.
Your cerulean imp hits Pikel but does no damage.
Pikel attacks as he pursues you!
Pikel hits you with a +0 whip of electrocution!
You die...
Pikel says, "See you in Hell!"

#..#.#....# #.##
#.<...######
#..#..##.)# #.#
####### # #..#..#ß..#
##.## #
#..#..##..###...#####
#
#..#.....ß#.........#
#
#.ß##########...###.#
#### ##.## #.# #.#
#.#
#@####.###########
#.K.>5............
##################


You could see Pikel (ally target) and a friendly cerulean imp (summoned).

Vanquished Creatures
  A lemure (D:3)
  A hound (D:3)
  A bombardier beetle (D:3)
  Crazy Yiuf (D:2)
  The ghost of Sapher the Digger, a weakling MDEE (D:3)
  4 adders
  3 dart slugs (D:1)
  A ribbon worm (D:3)
  7 orcs (D:3)
  8 bats
  7 endoplasms
  6 giant cockroaches
  6 goblins
  7 hobgoblins
  3 jackals (D:1)
  4 quokkas
  6 ball pythons
  2 frilled lizards
  6 kobolds
  3 rats
78 creatures vanquished.

Vanquished Creatures (collateral kills)
  An orc (D:3)
1 creature vanquished.

Grand Total: 79 creatures vanquished

Notes
Turn   | Place    | Note
-------+----------+-------------------------------------------
     0 | D:1      | wilfster70 the Djinni Hedge Wizard began the quest for the
                  | Orb.
     0 | D:1      | wilfster70 set off with the following spells memorised:
                  | Magic Dart, Slow, Blink, Call Imp, Mephitic Cloud.
     0 | D:1      | Reached XP level 1. HP: 15/15 MP: 0/0
   101 | D:1      | Found Ynwojunt's Weapon Shoppe.
   173 | D:1      | Reached XP level 2. HP: 19/21 MP: 0/0
   354 | D:1      | Reached XP level 3. HP: 20/25 MP: 0/0
   354 | D:1      | Learned a level 1 spell: Sting
   930 | D:2      | Reached XP level 4. HP: 24/31 MP: 0/0
  1222 | D:2      | Found a runed translucent door.
  1223 | D:2      | Noticed Crazy Yiuf
  1236 | D:2      | Killed Crazy Yiuf
  1237 | D:2      | Reached XP level 5. HP: 5/35 MP: 0/0
  1237 | D:2      | Learned a level 2 spell: Lesser Beckoning
  1936 | D:3      | Reached skill level 5 in Spellcasting
  1936 | D:3      | Reached skill level 5 in Conjurations
  1936 | D:3      | Reached skill level 5 in Hexes
  1936 | D:3      | Reached skill level 5 in Summonings
  1936 | D:3      | Reached skill level 5 in Necromancy
  1936 | D:3      | Reached skill level 5 in Translocations
  1936 | D:3      | Reached skill level 5 in Fire Magic
  1936 | D:3      | Reached skill level 5 in Ice Magic
  1936 | D:3      | Reached skill level 5 in Air Magic
  1936 | D:3      | Reached skill level 5 in Earth Magic
  1936 | D:3      | Reached skill level 5 in Alchemy
  2008 | D:3      | Reached XP level 6. HP: 24/40 MP: 0/0
  2168 | D:3      | Found a glowing silver altar of Zin.
  2171 | D:3      | Found an opulent altar of Gozag.
  2279 | D:3      | Found a runed translucent gate.
  2279 | D:3      | Identified the +8 mace of the Imperium {vamp, rF+ rC-
                  | Str+4}
  2279 | D:3      | Identified the +0 leather armour "Zerph" {Will- Int+3
                  | Dex+6}
  2279 | D:3      | Noticed Sapher's ghost (weakling MDEE)
  2280 | D:3      | Found a runed translucent gate.
  2281 | D:3      | Found a roughly hewn altar of Beogh.
  2281 | D:3      | Found a runed translucent gate.
  2462 | D:3      | Killed Sapher's ghost
  2691 | D:4      | Noticed Pikel
  2823 | D:3      | Slain by Pikel

Illustrated notes

Levels and vault maps discovered:
D:1:      shiori_arrival_maze, layout_loops_cross, serial_shops, shop_coins,
          minivault_4, minmay_pentomino_q2
D:2:      layout_rooms, eino_tiny_chamber, hex_large, minmay_liquid_box,
          uniq_crazy_yiuf_cottage
D:3:      layout_loops_ring, grunt_temple_overflow_gold_and_silver,
          biasface_ghost_orc_armoury
D:4:      layout_loops_cross, slow_altar_2, nicolae_overflow_hidden_temple,
          uniq_sigmund, uniq_robin, uniq_pikel

Skill      XL: |  1  2  3  4  5 |
---------------+----------------+-----
Spellcasting   | 4 5 |  5.4
Conjurations   | 4 5 |  5.4
Hexes          | 4 5 |  5.4
Summonings     | 4 5 |  5.4
Necromancy     | 4 5 |  5.4
Translocations | 4 5 |  5.4
Fire Magic     | 4 5 |  5.4
Ice Magic      | 4 5 |  5.4
Air Magic      | 4 5 |  5.4
Earth Magic    | 4 5 |  5.4
Alchemy        | 4 5 |  5.4
Dodging        | |  2.1
Stealth        | |  1.5

Action                     |  1- 3 |  4- 6 || total
---------------------------+-------+-------++-------
  Melee: Dagger            |     1 |       ||     1
         Whip              |       |   111 ||   111
   Cast: Magic Dart        |    92 |    45 ||   137
         Call Imp          |       |     6 ||     6
         Sting             |       |     1 ||     1
    Use: Scroll            |       |     5 ||     5
   Stab: Sleeping          |     1 |     1 ||     2
 Armour: Robe              |    13 |    87 ||   100
  Dodge: Dodged            |    20 |    53 ||    73
  Block: Other             |       |    24 ||    24

Table legend: (Time is in decaauts)
 A = Elapsed time spent in this place.
 B = Non-inter-level travel time spent in this place.
 C = Inter-level travel time spent in this place.
 D = Time resting spent in this place.
 E = Time spent auto-exploring this place.
 F = Levels seen in this place.
 G = Mean time per level.
                   A        B        C        D        E       F      G
               +--------+--------+--------+--------+--------+-----+--------+
         Total |   2835 |   2754 |     81 |    581 |    941 |   4 |  708.8 |
       Dungeon |   2835 |   2754 |     81 |    581 |    941 |   4 |  708.8 |
               +--------+--------+--------+--------+--------+-----+--------+

Top non-repeatable levels by time:
     D:3: 1122 daAuts
     D:1: 894 daAuts
     D:2: 629 daAuts
     D:4: 189 daAuts
